 Dungeon Crawl Stone Soup version 0.24-a0-580-g6a6c3f83c1 (webtiles) character file.

Game seed: 8523901056967340295

737 Mame the Cleaver (level 7, -5/60 HPs)
             Began as a Hill Orc Fighter on Aug 20, 2019.
             Slain by Pikel
             ... wielding a +2 whip of freezing
              (8 damage)
             ... on level 4 of the Dungeon.
             The game lasted 00:17:52 (2728 turns).

Mame the Cleaver (Hill Orc Fighter)                 Turns: 2728, Time: 00:17:53

Health: -5/60      AC:  8    Str: 21    XL:     7   Next: 74%
Magic:  7/7        EV:  7    Int:  8    God:
Gold:   130        SH:  9    Dex: 10    Spells: 6/6 levels left

rFire    . . .     SeeInvis .   a - +0 war axe
rCold    . . .     Gourm    .   c - +0 shield
rNeg     . . .     Faith    .   b - +0 scale mail
rPois    .         Spirit   .   e - +0 helmet
rElec    .         Reflect  .   (no cloak)
rCorr    .         Harm     .   (no gloves)
MR       .....                  (no boots)
Stlth    ..........             (no amulet)
HPRegen  0.20/turn              (no ring)
MPRegen  0.10/turn              (no ring)

@: no status effects
A: no striking features
a: no special abilities


You were on level 4 of the Dungeon.
You were not hungry.

You visited 1 branch of the dungeon, and saw 4 of its levels.

You collected 130 gold pieces.

Inventory:

Hand Weapons
 a - a +0 war axe (weapon)
 o - a cursed +0 hand axe
 r - a +4 quarterstaff of chaos
Armour
 b - a +0 scale mail (worn)
 c - a +0 shield (worn)
 e - a +0 helmet (worn)
 p - a cursed +0 plate armour
Jewellery
 h - an uncursed amulet of guardian spirit {unknown}
 j - an uncursed amulet of faith {unknown}
 v - an uncursed amulet of guardian spirit {unknown}
Wands
 d - a wand of iceblast (1)
 q - a wand of flame (16)
Scrolls
 g - 2 scrolls of fear {unknown}
 i - a scroll of random uselessness {unknown}
 l - 2 scrolls of remove curse {unknown}
 n - a scroll of enchant weapon {unknown}
 t - 3 scrolls of teleportation {unknown}
 u - a scroll of identify {unknown}
Potions
 k - a potion of degeneration {unknown}
 m - a potion of haste {unknown}
 s - a potion of flight {unknown}
 w - a potion of lignification {unknown}
Comestibles
 f - 6 rations


   Skills:
 + Level 4.8 Fighting
 * Level 9.5 Axes
 + Level 5.0 Armour
 - Level 3.4 Shields


You had 6 spell levels left.
You didn't know any spells.
Your spell library contained the following spells:

 Spells                   Type           Power        Failure   Level  Hunger
 Confusing Touch          Hex            #.....       99%         1    ##.....
 Confuse                  Hex            #.......     100%        3    ####...
 Gell's Gravitas          Tloc           #.........   100%        3    ####...
 Petrify                  Tmut/Erth      #.......     100%        4    #####..
 Metabolic Englaciation   Hex/Ice        #.........   100%        5    ######.
 Yara's Violent Unravell  Hex/Tmut       #.........   100%        5    ######.


Dungeon Overview and Level Annotations

Branches:
Dungeon (4/15)
 Temple: D:4-7

Altars:

Annotations:
D:4 Pikel


Message History

You hit the slave but do no damage.
Your shield prevents you from hitting the slave.
You hit the slave.
The slave hits you but does no damage. x2
Pikel hits you with a +2 whip of freezing!
* * * LOW HITPOINT WARNING * * *
Pikel freezes you.
* * * LOW HITPOINT WARNING * * *
The slave hits you.
* * * LOW HITPOINT WARNING * * *
Your shield prevents you from hitting Pikel.
Pikel is heavily wounded.
You miss the slave. You barely miss the slave. You hit the slave.
You kill the slave!
That felt strangely unrewarding.
You block the slave's attack. x2
Pikel hits you but does no damage. The slave barely misses you.
You hit Pikel but do no damage.
Pikel is heavily wounded.
You barely miss the slave. You hit the slave. The slave barely misses you.
Pikel hits you with a +2 whip of freezing!
You die...

#.########.#...... #.#
#.#...... #.#
#.#......
#.########.####### ###
#.##..............
#.....##............##
#.#.#.##..#######.....
#...K?##..# ###.####
.###.p@##..# #.......
#.....†p....# ###.....
#####...#...# #.....
......>.......# #.....
.....#...####.# #..<..
#....#...# # #.....
#..#.##.## ######
#..#. #.# .. #.


You could see Pikel and 2 slaves.

Vanquished Creatures
  Sigmund (D:4)
  Eustachio (D:4)
  Duvessa (D:4)
  2 slaves (D:4)
  A bullfrog (D:3)
  Dowan (D:4)
  Crazy Yiuf (D:2)
  An orc wizard (D:4)
  Ijyb (D:4)
  An iguana (D:4)
  A gnoll (D:1)
  3 adders (D:2)
  An ooze (D:4)
  A worm (D:3)
  A dart slug (D:1)
  A leopard gecko (D:4)
  7 orcs
  7 giant cockroaches
  6 goblins
  9 hobgoblins
  A ball python skeleton (D:4)
  3 bats
  5 frilled lizards
  8 kobolds
  A leopard gecko skeleton (D:4)
  11 rats
  2 fungi (D:2)
79 creatures vanquished.

Notes
Turn   | Place    | Note
-------+----------+-------------------------------------------
     0 | D:1      | Mame the Hill Orc Fighter began the quest for the Orb.
     0 | D:1      | Reached XP level 1. HP: 19/19 MP: 1/1
    98 | D:1      | Reached skill level 3 in Axes
   103 | D:1      | Reached XP level 2. HP: 14/27 MP: 2/2
   211 | D:1      | Reached XP level 3. HP: 23/33 MP: 3/3
   297 | D:1      | Reached skill level 4 in Axes
   989 | D:2      | Reached XP level 4. HP: 40/40 MP: 4/4
  1086 | D:2      | Reached skill level 5 in Axes
  1399 | D:2      | Found a runed translucent door.
  1400 | D:2      | Noticed Crazy Yiuf
  1411 | D:2      | Killed Crazy Yiuf
  1468 | D:3      | Reached XP level 5. HP: 44/46 MP: 5/5
  1483 | D:3      | Reached skill level 6 in Axes
  2185 | D:4      | Noticed Duvessa
  2185 | D:4      | Noticed Dowan
  2198 | D:4      | Killed Duvessa
  2198 | D:4      | Reached skill level 7 in Axes
  2198 | D:4      | Reached XP level 6. HP: 16/52 MP: 6/6
  2205 | D:4      | Killed Dowan
  2241 | D:4      | Noticed Eustachio
  2262 | D:4      | HP: 1/53 [white imp/puff of frost[Eustachio] (8)]
  2267 | D:4      | Killed Eustachio
  2267 | D:4      | Reached skill level 8 in Axes
  2267 | D:4      | Reached XP level 7. HP: 12/60 MP: 7/7
  2289 | D:4      | Noticed Ijyb
  2305 | D:4      | Killed Ijyb
  2628 | D:4      | Noticed Sigmund
  2634 | D:4      | Killed Sigmund
  2634 | D:4      | Reached skill level 9 in Axes
  2715 | D:4      | Noticed Pikel
  2723 | D:4      | Reached skill level 5 in Armour
  2726 | D:4      | HP: 3/60 [slave[Pikel] (3)]
  2728 | D:4      | Slain by Pikel

Levels and vault maps discovered:
D:1:      co_arrival_square_in_a_square_in_a_square, layout_loops_ring,
          hex_tiny, minmay_crystal_room
D:2:      layout_rooms, uniq_crazy_yiuf_cottage
D:3:      layout_loops_cross
D:4:      layout_basic, minmay_temple_entry_wispy, uniq_sigmund, uniq_ijyb,
          uniq_duvessa, uniq_menkaure, uniq_eustachio, uniq_pikel

Skill      XL: |  1  2  3  4  5  6  7 |
---------------+----------------------+-----
Axes           | 3 4 5 7 8 9 |  9.5
Fighting       | 4 |  4.8
Armour         | 4 5 |  5.0
Shields        | |  3.4

Action                   |  1- 3 |  4- 6 |  7- 9 || total
-------------------------+-------+-------+-------++-------
Melee: War axe           |   124 |   123 |    34 ||   281
  Use: Potion            |       |     3 |       ||     3
  Eat: Chunk             |     1 |     4 |     1 ||     6
Armor: Scale mail        |    46 |    52 |    21 ||   119
Dodge: Dodged            |    35 |    41 |    17 ||    93
Block: Shield            |    65 |    68 |    17 ||   150

Table legend:
 A = Non-vault XP
 B = Vault XP
 C = Vault XP percentage of total XP
 D = Non-vault monster count
 E = Vault monster count
 F = Vault count percentage of total count
                 A         B        C        D         E       F
            +---------+---------+-------+---------+---------+-------
      Total |     331 |     722 |  68.6 |      69 |       6 |   8.0
            +---------+---------+-------+---------+---------+-------
        D:1 |      60 |       0 |   0.0 |      30 |       0 |   0.0
        D:2 |      62 |      41 |  39.8 |      18 |       1 |   5.3
        D:3 |     102 |       0 |   0.0 |       8 |       0 |   0.0
        D:4 |     107 |     681 |  86.4 |      13 |       5 |  27.8
            +---------+---------+-------+---------+---------+-------
